 Dungeon Crawl Stone Soup version 0.28.0-49-g6dfe1f597d (webtiles) character file.

Game seed: 10202103364525926743

7555 GigaChad the Basher (level 10, -1/101 HPs)
             Began as a Minotaur Fighter on May 11, 2022.
             Was an Elder of Ashenzari.
             Succumbed to barbed spike wounds
             ... on level 10 of the Dungeon.
             The game lasted 00:31:09 (10078 turns).

GigaChad the Basher (Minotaur Fighter)             Turns: 10078, Time: 00:31:10

Health: -1/101     AC: 16    Str: 26    XL:     10   Next: 96%
Magic:  10/10      EV:  9    Int:  5    God:    Ashenzari [****..]
Gold:   449        SH:  8    Dex: 15    Spells: 10/10 levels left

rFire   . . .      SeeInvis +   o - +4 flail of the Prophetic Vision {drain, Melee, Self} (curse)
rCold   . . .      Faith    .   c - +1 buckler "Awkwardness of the Sky" {Self, Evo} (curse)
rNeg    . . .      Spirit   .   r - +0 plate armour of the Ruined Augur {Comp, Melee} (curse)
rPois   .          Reflect  .   (helmet restricted)
rElec   .          Harm     .   (no cloak)
rCorr   .          Rampage  .   (no gloves)
Will    +....      Clarity  +   (no boots)
Stlth   ..........              l - amulet of Ashenzari's Adversity {Regen+, Fort, Self} (curse)
HPRegen 1.06/turn               j - ring "Shattered Fallacy" {Will+, Range, Evo} (curse)
MPRegen 0.12/turn               n - ring of Ashenzari's Gnosis {Str+6, Cun, Self} (curse)

@: about to teleport, spiked
A: horns 2, retaliatory headbutt
a: Renounce Religion, Curse Item, Shatter the Chains


You were on level 10 of the Dungeon.
You worshipped Ashenzari.
Ashenzari was greatly pleased with you.
You visited 2 branches of the dungeon, and saw 11 of its levels.

You collected 449 gold pieces.

Inventory:

Hand Weapons
 a - a +1 long sword
 o - the cursed +4 flail of the Prophetic Vision (weapon) {drain, Melee, Self}
   (You took it off an orc on level 4 of the Dungeon)

   A truly terrible weapon, it drains the life of any living foe it strikes.
   It has a curse which improves the following skills: Melee Combat: Short
   Blades, Long Blades, Axes, Maces & Flails, Polearms, Staves and Unarmed
   Combat.
   Introspection: Fighting and Spellcasting.
 q - a +0 glaive
 u - a +0 shortbow
 A - a +1 vorpal flail
 J - a +2 great sword
 K - a +3 great sword of electrocution
 R - a +0 shortbow
Missiles
 v - 185 arrows
Armour
 b - a +0 scale mail
 c - the cursed +1 buckler "Awkwardness of the Sky" (worn) {Self, Evo}

   It has a curse which improves the following skills: Introspection: Fighting
   and Spellcasting.
   Evocations: Evocations.
 f - a scarf of shadows
 r - the cursed +0 plate armour of the Ruined Augur (worn) {Comp, Melee}
   (You took it off an orc warrior on level 4 of the Dungeon)

   It has a curse which improves the following skills: Companions: Summonings
   and Necromancy.
   Melee Combat: Short Blades, Long Blades, Axes, Maces & Flails, Polearms,
   Staves and Unarmed Combat.
 B - a +4 ring mail
 G - the +0 chain mail of Quiet Fog {+Blink Str+4 Slay-5}
   (You found it on level 7 of the Dungeon)

   Str:       It affects your strength (+4).
   Slay:      It affects your accuracy & damage with ranged weapons and melee
   (-5).
   +Blink:    It lets you blink.
 N - a +0 kite shield
Jewellery
 i - an amulet of reflection
 j - the cursed ring "Shattered Fallacy" (left hand) {Will+, Range, Evo}
   (You found it on level 2 of the Dungeon)

   [ring of willpower]

   Will:      It increases your willpower.
   It has a curse which improves the following skills: Ranged Combat: Slings,
   Bows, Crossbows and Throwing.
   Evocations: Evocations.
 l - the cursed amulet of Ashenzari's Adversity (around neck) {Regen+, Fort, Self}
   (You found it on level 2 of the Dungeon)

   [amulet of regeneration]

   Regen:     It increases your rate of health regeneration.
   It has a curse which improves the following skills: Fortitude: Armour and
   Shields.
   Introspection: Fighting and Spellcasting.
 n - the cursed ring of Ashenzari's Gnosis (right hand) {Str+6, Cun, Self}
   (You found it on level 3 of the Dungeon)

   [ring of strength]

   Str:       It affects your strength (+6).
   It has a curse which improves the following skills: Cunning: Dodging and
   Stealth.
   Introspection: Fighting and Spellcasting.
 w - a +6 ring of intelligence
 z - a ring of resist corrosion
 F - a ring of magical power
 S - a +6 ring of intelligence
Wands
 p - a wand of digging (6)
 y - a wand of paralysis (2)
 O - a wand of iceblast (7)
 P - a wand of acid (5)
 T - a wand of flame (5)
Scrolls
 x - 2 scrolls of fear
 D - 2 scrolls of teleportation
 E - a scroll of enchant weapon
 L - 2 scrolls of enchant armour
 M - a scroll of immolation
 Q - 2 scrolls of silence
Potions
 d - 2 potions of might
 e - a potion of berserk rage
 g - 3 potions of mutation
 h - 2 potions of curing
 m - a potion of brilliance
 s - a potion of flight
 t - a potion of haste
 C - 3 potions of attraction
 H - 2 potions of heal wounds
Miscellaneous
 I - a phial of floods


   Skills:
 + Level 8.6(13.3) Fighting
 + Level 5.1(8.0) Long Blades
 + Level 11.8(14.7) Maces & Flails
 + Level 11.3(13.2) Armour
 + Level 3.1(4.8) Dodging
 + Level 1.5(2.9) Stealth
 + Level 8.2(10.2) Shields


You had 10 spell levels left.
You didn't know any spells.
Your spell library contained the following spells:

 Spells                   Type           Power      Damage    Failure   Level
 Ignite Poison            Fire/Tmut/Pois 0%         N/A       100%        3
 Mephitic Cloud           Conj/Pois/Air  0%         N/A       100%        3
 Ozocubu's Armour         Ice            0%         N/A       100%        3
 Petrify                  Tmut/Erth      0%         N/A       100%        4
 Fireball                 Conj/Fire      0%         3d3       100%        5
 Freezing Cloud           Conj/Ice/Air   0%         6-21      100%        5
 Metabolic Englaciation   Hex/Ice        0%         N/A       100%        5
 Simulacrum               Ice/Necr       0%         N/A       100%        6
 Starburst                Conj/Fire      0%         6d3       100%        6
 Statue Form              Tmut/Erth      0%         N/A       100%        6
 Ignition                 Fire           0%         3d3       100%        8


Dungeon Overview and Level Annotations

Branches:
Dungeon (10/15)            Temple (1/1) D:4             Orc (0/2) D:10
   Lair: D:8-11

Altars:
Ashenzari
Cheibriados
Dithmenos
Elyvilon
Fedhas
Gozag
Hepliaklqana
Kikubaaqudgha
Makhleb
Nemelex Xobeh
Okawaru
Qazlal
Ru
Sif Muna
Trog
Uskayaw
Vehumet
Wu Jian
Xom
Yredelemnul
Zin
The Shining One
Beogh

Shops:
D:1 [   D:3 ?

Annotations:
D:5 3 runed translucent doors, Xolotl's ghost, novice DsHu


Innate Abilities, Weirdness & Mutations

You have a pair of horns on your head.
You reflexively headbutt those who attack you in melee.


Message History

Okay, then.
Blink to where?
Press: ? - help, Dir - move target
As you read the scroll of blinking, it crumbles to dust.
You feel very sick.
The barbs in your skin will harm you if you move.
Continue?
The barbed spikes dig painfully into your body as you move.
You feel sick.
The barbed spikes dig painfully into your body as you move.
You feel sick.
You open the door.
You feel sick.
Found 14 stones.
Found a +0 scale mail.
The barbed spikes dig painfully into your body as you move.
You feel sick.
There is an open door here.
The barbed spikes dig painfully into your body as you move.
You feel sick.
The barbed spikes dig painfully into your body as you move.
* * * LOW HITPOINT WARNING * * *
You feel sick.
The barbed spikes dig painfully into your body as you move.
* * * LOW HITPOINT WARNING * * *
You feel sick.
The barbed spikes dig painfully into your body as you move.
* * * LOW HITPOINT WARNING * * *
You feel sick.
You are no longer poisoned.
The barbed spikes dig painfully into your body as you move.
* * * LOW HITPOINT WARNING * * *
The barbed spikes dig painfully into your body as you move.
* * * LOW HITPOINT WARNING * * *
The barbed spikes dig painfully into your body as you move.
* * * LOW HITPOINT WARNING * * *
The barbed spikes dig painfully into your body as you move.
* * * LOW HITPOINT WARNING * * *
As you read the scroll of teleportation, it crumbles to dust.
You feel strangely unstable.
The barbed spikes dig painfully into your body as you move.
You die...

,, , ,, , ** , , * , ,* *
* , , * , , * ##### ,* ,*
, ,* #...# ,, , ,*
#...#,, , , **
#...#....... , ,, * >
########...#...#..# ,,*
#.#####...(.#...#..##..#
,
.......@...4'4..#..#!..}
* *
,#######.....#4..#..#?..(
* ##.....#...#..##..#
#[......##......#..# * *
#.......##.##.4$.... * ,,
* #.......##..#.4...4. ,
, , #....#####..#...#..#
* , , #.....,
,#.....##4.# * ** * ,,*
,, ,, #.#...#.4..


You could see an orange demon and 2 red devils.

Vanquished Creatures
  3 two-headed ogres
  Pikel (D:5)
  A kobold demonologist (D:9)
  A hornet (D:10)
  A shadow (D:10)
  2 wyverns
  2 steam dragons
  A yak (D:8)
  Eustachio (D:6)
  Edmund (D:6)
  2 water moccasins (D:7)
  An orc warrior (D:4)
  3 sky beasts
  A black bear (D:7)
  2 necrophages
  2 ogres
  4 centaurs
  A lemure (D:4)
  2 phantoms
  A bullfrog (D:7)
  3 kobold brigands
  2 scorpions
  2 gnoll sergeants
  11 killer bees
  2 wights (D:8)
  A howler monkey (D:6)
  2 centaur zombies
  2 jellies
  2 centaur skeletons
  2 gnoll shamans
  2 orc priests (D:5)
  2 bullfrog skeletons (D:6)
  6 orc wizards
  7 iguanas
  2 howler monkey zombies
  14 gnolls
  A howler monkey skeleton (D:6)
  4 adders
  2 shadow imps
  A white imp (D:7)
  An ufetubus (D:6)
  An adder skeleton (D:5)
  A worm (D:2)
  A dart slug (D:2)
  13 orcs
  4 ball pythons
  2 bats (D:2)
  5 endoplasms
  4 giant cockroaches
  6 goblins
  2 hobgoblins
  5 jackals
  14 kobolds
  2 quokkas (D:3)
  3 frilled lizards
  A rat (D:2)
168 creatures vanquished.

Vanquished Creatures (others)
  An orc wizard (D:3)
1 creature vanquished.

Grand Total: 169 creatures vanquished

Notes
Turn   | Place    | Note
-------+----------+-------------------------------------------
     0 | D:1      | GigaChad the Minotaur Fighter began the quest for the Orb.
     0 | D:1      | Reached XP level 1. HP: 19/19 MP: 0/0
   279 | D:1      | Reached XP level 2. HP: 27/27 MP: 1/1
   414 | D:1      | Found Waryt's Antique Armour Emporium.
  1138 | D:2      | Reached XP level 3. HP: 19/33 MP: 2/2
  1975 | D:3      | Reached XP level 4. HP: 17/40 MP: 3/3
  2489 | D:3      | Found a faded altar of an unknown god.
  2519 | D:3      | Noticed a sky beast
  2528 | D:3      | Killed a sky beast
  2529 | D:3      | Reached skill level 5 in Armour
  2529 | D:3      | Reached skill level 1 in Dodging
  2529 | D:3      | Reached XP level 5. HP: 47/47 MP: 4/4
  2533 | D:3      | Found Hock's Magic Scroll Emporium.
  2663 | D:3      | Prayed at the altar of an unknown god.
  2663 | D:3      | Became a worshipper of Elyvilon the Healer
  2663 | D:3      | Reached * piety under Elyvilon
  3158 | D:4      | Was placed under penance by Elyvilon
  3161 | D:4      | Fell from the grace of Elyvilon
  3294 | D:4      | Found a staircase to the Ecumenical Temple.
  3312 | Temple   | Entered the Ecumenical Temple
  3322 | Temple   | Became a worshipper of Ashenzari the Shackled
  3357 | D:4      | Reached skill level 5 in Long Blades
  3357 | D:4      | Reached XP level 6. HP: 39/53 MP: 5/5
  3720 | D:4      | Noticed an orc warrior
  3732 | D:4      | Killed an orc warrior
  3733 | D:4      | Reached skill level 1 in Maces & Flails
  4182 | D:4      | Reached skill level 5 in Fighting
  4182 | D:4      | Reached skill level 1 in Stealth
  4182 | D:4      | Reached XP level 7. HP: 59/61 MP: 6/6
  4561 | D:5      | Entered Level 5 of the Dungeon
  4561 | D:5      | Noticed Pikel
  4590 | D:5      | Killed Pikel
  4591 | D:5      | Reached skill level 5 in Shields
  4606 | D:5      | Reached XP level 8. HP: 31/69 MP: 7/7
  4798 | D:5      | Found a snail-covered altar of Cheibriados.
  4855 | D:5      | Found a runed translucent gate.
  4856 | D:5      | Found a runed translucent gate.
  4856 | D:5      | Noticed Xolotl's ghost (novice DsHu)
  4857 | D:5      | Found a runed translucent gate.
  4868 | D:5      | Reached skill level 5 in Maces & Flails
  5068 | D:5      | Found an iron altar of Okawaru.
  5441 | D:6      | Noticed Eustachio
  5532 | D:6      | Reached * piety under Ashenzari
  5714 | D:6      | Killed Eustachio
  5812 | D:6      | Reached XP level 9. HP: 78/78 MP: 8/8
  5946 | D:6      | Found a hide-covered altar of Uskayaw.
  5946 | D:6      | Found a radiant altar of Vehumet.
  6095 | D:6      | Reached ** piety under Ashenzari
  6215 | D:6      | Noticed Edmund
  6223 | D:6      | Killed Edmund
  6943 | D:7      | Identified the +0 chain mail of Quiet Fog {+Blink Str+4
                  | Slay-5}
  7265 | D:8      | Reached *** piety under Ashenzari
  7938 | D:8      | Reached XP level 10. HP: 95/95 MP: 9/9
  7985 | D:8      | Noticed a two-headed ogre
  7992 | D:8      | Killed a two-headed ogre
  7993 | D:8      | Reached skill level 10 in Maces & Flails
  7993 | D:8      | Reached skill level 10 in Armour
  8118 | D:8      | Reached **** piety under Ashenzari
  8938 | D:9      | Noticed a two-headed ogre
  8946 | D:9      | Killed a two-headed ogre
  9477 | D:9      | Noticed a two-headed ogre
  9484 | D:9      | Killed a two-headed ogre
  9803 | D:10     | Entered Level 10 of the Dungeon
 10009 | D:10     | Paralysed by a hornet for 2 turns
 10055 | D:10     | Noticed an orange demon
 10055 | D:10     | Noticed an orange demon
 10076 | D:10     | HP: 5/101 [barbs]
 10078 | D:10     | Succumbed to barbed spike wounds

Illustrated notes

Levels and vault maps discovered:
D:1:      dpeg_arrival_solitude, layout_loops_cross, serial_shops,
          nicolae_shop_crystal
D:2:      layout_rooms, minmay_pentomino_pile
D:3:      layout_loops_corners, ebering_ecumenical_altar_hall, serial_shops,
          shop
D:4:      layout_loops_ring, minmay_temple_entry_mist, serial_rivers,
          chequers_serial_rivers_micro_d, chequers_serial_rivers_marsh,
          chequers_serial_rivers_micro_c, chequers_serial_rivers_large_a,
          chequers_serial_rivers_micro_e, chequers_serial_rivers_room_b,
          kennysheep_potato
D:5:      layout_basic, cheibriados_altar_1, okawaru_metal_pillars_1_2,
          biasface_ghost_orc_armoury, uniq_pikel
D:6:      layout_cave_pools, amethyst_overflow_temple_binary, minivault_22,
          hangedman_abyss_or_decor_stabs, st_stairs_9, uniq_edmund,
          uniq_eustachio
D:7:      layout_cave_pools
D:8:      minmay_inner_zag, layout_basic
D:9:      layout_stronghold
D:10:     layout_basic, orc_0_dummy, serial_shops, nicolae_shop_trees,
          nicolae_shop_behind_doors, nicolae_square_shop, shop, shop_coins,
          minmay_beelzebubs_servants
Temple:   nicolae_temple_no_exploring_needed

Skill      XL: |  1  2  3  4  5  6  7  8  9 10 |
---------------+-------------------------------+-----
Armour         | 4 5 7 8 9 11 | 11.3
Fighting       | 4 5 7 8 |  8.6
Shields        | 4 5 7 8 |  8.2
Long Blades    | 3 4 5 |  5.1
Dodging        | 1 2 3 |  3.1
Maces & Flails | 2 4 7 9 11 | 11.8
Stealth        | 1 |  1.5

Action                   |  1- 3 |  4- 6 |  7- 9 | 10-12 || total
-------------------------+-------+-------+-------+-------++-------
Melee: Long sword        |    72 |    34 |       |       ||   106
       Headbutt          |     4 |    11 |    40 |    19 ||    74
       Flail             |       |    40 |   231 |   105 ||   376
Invok: Renounce Religion |       |     1 |       |       ||     1
       Curse Item        |       |       |     5 |     1 ||     6
  Use: Scroll            |     3 |     1 |     2 |     3 ||     9
       Potion            |       |       |     1 |       ||     1
Armor: Scale mail        |    39 |    25 |       |       ||    64
       Plate armour      |       |    19 |   177 |    49 ||   245
Dodge: Dodged            |    26 |    43 |   131 |    53 ||   253
Block: Buckler           |    18 |    30 |    92 |    40 ||   180
